 Dungeon Crawl Stone Soup version 0.25.1-2-g60ff931df9 (webtiles) character file.

Game seed: 8879890433077522681

67 DildoBatman the Conjurer (level 4, -1/30 HPs)
             Began as a Formicid Wizard on Aug 21, 2020.
             Slain by a hobgoblin (2 damage)
             ... on level 2 of the Dungeon.
             The game lasted 00:03:41 (1705 turns).

DildoBatman the Conjurer (Formicid Wizard)          Turns: 1705, Time: 00:03:41

Health: -1/30      AC:  2    Str: 12    XL:     4   Next: 38%
Magic:  3/8        EV: 12    Int: 18    God:
Gold:   18         SH:  0    Dex:  9    Spells: 2/9 levels left

rFire    . . .     SeeInvis +   c - +0 whip
rCold    . . .     Gourm    .   (no shield)
rNeg     . . .     Faith    .   a - +0 robe
rPois    .         Spirit   .   (helmet unavailable)
rElec    .         Reflect  .   (no cloak)
rCorr    .         Harm     .   (no gloves)
MR       .....                  (no boots)
Stlth    ++........             (no amulet)
HPRegen  0.10/turn              (no ring)
MPRegen  0.11/turn              (no ring)

@: no status effects
A: permanent stasis, dig shafts and tunnels, four strong arms, antennae 3
a: Dig, Shaft Self


You were on level 2 of the Dungeon.
You were very hungry.

You visited 1 branch of the dungeon, and saw 2 of its levels.

You collected 18 gold pieces.

Inventory:

Hand Weapons
 c - a +0 whip (weapon)
 e - a +3 hand axe
Missiles
 h - 29 stones (quivered)
 i - 12 poisoned darts
 j - 13 sling bullets
 q - 28 bolts
Armour
 a - a +0 robe (worn)
Wands
 p - a wand of flame (15)
Scrolls
 b - a scroll of fog {unknown}
 g - a scroll of enchant armour {unknown}
 k - a scroll of enchant weapon {unknown}
 l - a scroll of teleportation {unknown}
 n - 3 scrolls of amnesia {unknown}
 o - a scroll of identify {unknown}
Potions
 d - a potion of stabbing {unknown}
 f - 2 potions of lignification {unknown}
 m - 2 potions of haste {unknown}
Comestibles
 v - 8 rations


   Skills:
 - Level 1.7 Dodging
 - Level 2.4 Stealth
 - Level 3.2 Spellcasting
 * Level 3.5 Conjurations
   Level 1.0 Summonings
   Level 0.8 Translocations


You had 2 spell levels left.
You knew the following spells:

 Your Spells              Type           Power        Failure   Level  Hunger
a - Conjure Flame         Conj/Fire      #.......     22%         3    ###....
c - Magic Dart            Conj           ###.         3%          1    None
e - Mephitic Cloud        Conj/Pois/Air  #.......     28%         3    ###....

Your spell library contained the following spells:

 Spells                   Type           Power        Failure   Level  Hunger
 Call Imp                 Summ           #.......     16%         2    ##.....
 Slow                     Hex            #.......     24%         2    ##.....
 Blink                    Tloc           Unusable     N/A         2    N/A

Dungeon Overview and Level Annotations

Branches:
Dungeon (2/15)

Altars:

Annotations:
D:2 exclusion: earth elemental


Innate Abilities, Weirdness & Mutations

You cannot be hasted, slowed, berserked, paralysed or teleported.
You can dig through walls and to a lower floor.
Your four strong arms can wield two-handed weapons with a shield.
You have a pair of large antennae on your head. (SInv)


Message History

The hobgoblin hits you but does no damage.
What are your orders? t - Shout!
Orders for allies: a - Attack new target. r - Retreat! s - Stop attacking. g - Guard the area. f - Follow me.
Anything else - Cancel.
You shout for attention!
The giant cockroach closely misses you.
The hobgoblin hits you but does no damage.
The giant cockroach bites you. What are your orders? t - Shout!
Orders for allies: a - Attack new target. r - Retreat! s - Stop attacking. g - Guard the area. f - Follow me.
Anything else - Cancel.
You shout for attention!
The hobgoblin hits you.
You die...

#.# #.# . #.#
#. { #.# ..
#######.# .#
#.......## .#
#.######.##.#
####.# ##s#g#
#....# ##@.#
#[#### ##.#
#.# ... #.#
#### #.# #.#
#.# { #.# #.#


You could see a giant cockroach and a hobgoblin.

Vanquished Creatures
  3 adders (D:2)
  2 dart slugs
  A ball python (D:2)
  2 giant cockroaches (D:1)
  4 goblins
  5 hobgoblins
  5 jackals (D:1)
  3 bats (D:2)
  2 frilled lizards (D:1)
  4 kobolds
  4 rats
35 creatures vanquished.

Notes
Turn   | Place    | Note
-------+----------+-------------------------------------------
     0 | D:1      | DildoBatman the Formicid Wizard began the quest for the
                  | Orb.
     0 | D:1      | Reached XP level 1. HP: 13/13 MP: 4/4
    82 | D:1      | Reached skill level 1 in Conjurations
   381 | D:1      | Reached XP level 2. HP: 14/19 MP: 6/6
   845 | D:1      | Reached XP level 3. HP: 24/24 MP: 3/7
   858 | D:1      | Learned a level 3 spell: Conjure Flame
   862 | D:1      | Learned a level 3 spell: Mephitic Cloud
  1487 | D:2      | Noticed an earth elemental
  1622 | D:2      | Reached XP level 4. HP: 19/30 MP: 5/8
  1704 | D:2      | HP: 1/30 [giant cockroach (2)]
  1705 | D:2      | Slain by a hobgoblin

Illustrated notes

Levels and vault maps discovered:
D:1:      dpeg_arrival_erosion, layout_basic
D:2:      layout_loops_ring, nicolae_qazlal_style_of_elements, first_ration

Skill      XL: |  1  2  3 |
---------------+----------+-----
Conjurations   | 1 2 3 |  3.5
Dodging        | |  1.7
Stealth        | |  2.4
Spellcasting   | |  3.2
Summonings     | |  1.0
Translocations | |  0.8

Action                   |  1- 3 |  4- 6 || total
-------------------------+-------+-------++-------
Melee: Whip              |    22 |     2 ||    24
 Cast: Magic Dart        |    61 |    10 ||    71
 Abil: Dig               |       |     1 ||     1
 Stab: Sleeping          |     2 |       ||     2
  Eat: Chunk             |     1 |       ||     1
Armor: Robe              |    11 |     3 ||    14
Dodge: Dodged            |    18 |    16 ||    34
